 Dungeon Crawl Stone Soup version 0.18-a0-1702-gd20c6a5 (webtiles) character file.

118 wvc the Insei (level 4, 0/39 HPs)
             Began as a Draconian Monk on Apr 7, 2016.
             Slain by Grinder (2 damage)
             ... while paralysed by Grinder
             ... on level 3 of the Dungeon.
             The game lasted 00:05:10 (2373 turns).

wvc the Insei (Draconian Monk)                      Turns: 2373, Time: 00:05:10

Health: 0/39       AC:  6    Str: 14    XL:     4   Next: 72%
Magic:  4/4        EV:  2    Int: 10    God:
Gold:   115        SH:  0    Dex: 14    Spells: 0 memorised, 3 levels left

rFire  + . .     SeeInvis .       - Unarmed
rCold  . . .     Gourm    .     (armour unavailable)
rNeg   . . .     Faith    .     (no shield)
rPois  .         Spirit   .     d - +1 hat
rElec  .         Dismiss  .     (no cloak)
rCorr  .         Reflect  .     (no gloves)
SustAt .         Harm     .     (no boots)
MR     .....                    (no amulet)
Stlth  ++........               (no ring)
                                b - ring of protection from fire

@: paralysed, not resistant to hostile enchantments, unstealthy
A: unfitting armour, cold-blooded, AC +5
a: no special abilities


You were on level 3 of the Dungeon.
You were not hungry.

You visited 1 branch of the dungeon, and saw 3 of its levels.

You collected 115 gold pieces.

Inventory:

Armour
 d - a +1 hat (worn)
 h - a +0 buckler
Jewellery
 b - a ring of protection from fire (left hand)
 c - an uncursed ring of wizardry
 m - an uncursed ring of ice
Scrolls
 e - 2 scrolls of identify {unknown}
 f - a scroll of enchant armour {unknown}
 g - a scroll of amnesia {unknown}
Potions
 i - 2 potions of invisibility {unknown}
 j - a potion of might {unknown}
 k - a potion of curing {unknown}
Comestibles
 a - a bread ration
 l - 3 chunks of flesh
 n - a meat ration


   Skills:
 - Level 3.6 Fighting
 - Level 2.9 Dodging
 - Level 1.7 Stealth
 * Level 5.8 Unarmed Combat


You had 3 spell levels left.
You didn't know any spells.

Dungeon Overview and Level Annotations

Branches:
Dungeon (3/15)

Altars:
Xom

Annotations:
D:2 exclusion: gnoll
D:3 Grinder


Innate Abilities, Weirdness & Mutations

Your plain brown scales are hard (AC +5).
Your body does not fit into most forms of armour.
You are cold-blooded and may be slowed by cold attacks.


Message History

You barely miss Grinder. Grinder completely misses you.
You closely miss Grinder.
Grinder gestures.
Grinder blinks!
Grinder hits you!
You writhe in agony.
You hit Grinder.
Your tail-slap misses Grinder.
Grinder is lightly wounded.
Grinder says, "You look like you could use a good racking."
Grinder gestures at you. You resist with significant effort.
You barely miss Grinder.
Grinder is lightly wounded.
Grinder gestures at you.
You suddenly lose the ability to move!
Grinder hits you!
You writhe in agony.
* * * LOW HITPOINT WARNING * * *
Grinder hits you!
* * * LOW HITPOINT WARNING * * *
You writhe in agony.
You die...

###### .. ..... ####
..####.... ...
.........# #.#
.........#.####.########
.........#.#.....)......
.........#.#.##.#.######
.........#.#..#@#...
........<+....#5#.###
.).....).#......#.#
..####..†#....#.#.# .
#>...†.....#.#
#....#....#.#..
#....+....#.#
#....##...#.#
......###..#.#


You could see Grinder.

Vanquished Creatures
  6 adders
  2 worms (D:2)
  2 dart slugs
  3 giant geckos
  A ball python (D:1)
  3 giant cockroaches
  7 goblins
  5 hobgoblins
  2 jackals (D:3)
  4 bats
  5 giant newts (D:1)
  7 kobolds
  9 rats
56 creatures vanquished.

Notes
Turn   | Place    | Note
--------------------------------------------------------------
     0 | D:1      | wvc the Draconian Monk began the quest for the Orb.
     0 | D:1      | Reached XP level 1. HP: 19/19 MP: 1/1
   351 | D:1      | Reached XP level 2. HP: 26/26 MP: 2/2
   741 | D:1      | namelastname112: ммм
   742 | D:1      | namelastname112: моя любимая комба
   742 | D:1      | wvc: ayy
   742 | D:1      | wvc: почему?
   852 | D:1      | namelastname112: не знаю
   862 | D:1      | namelastname112: люблю др
   868 | D:1      | namelastname112: люблю анарм
  1246 | D:2      | namelastname112: дексу
  1246 | D:2      | namelastname112: дексу качай
  1246 | D:2      | wvc: почему не инту?
  1246 | D:2      | wvc: если покастовать охота?
  1246 | D:2      | namelastname112: тому що додж
  1246 | D:2      | wvc: как по скиллам?
  1246 | D:2      | namelastname112: а че по скиллам?
  1246 | D:2      | namelastname112: качай анарм до 12
  1246 | D:2      | namelastname112: чисто анарм
  1246 | D:2      | wvc: ок
  1246 | D:2      | namelastname112: потом файт с доджем подрубишь
  1246 | D:2      | Reached XP level 3. HP: 23/31 MP: 3/3
  1325 | D:2      | namelastname112: если найдешь баклер, то щиты до 4
  1362 | D:2      | namelastname112: кому молиться хочешь?
  1365 | D:2      | wvc: чей/аш
  1498 | D:2      | Reached skill level 5 in Unarmed Combat
  1522 | D:2      | Found a shimmering altar of Xom.
  1741 | D:2      | namelastname112: вангую худший цвет
  1741 | D:2      | Reached XP level 4. HP: 39/39 MP: 4/4
  1781 | D:2      | wvc: жовтый?
  1844 | D:2      | namelastname112: моттлед
  1923 | D:2      | namelastname112: желтый норм так-то
  2362 | D:3      | Noticed Grinder
  2371 | D:3      | Paralysed by Grinder for 7 turns
  2373 | D:3      | Slain by Grinder

Vault maps used:
D:1:      lightli_arrival_statue_moat, serial_co_window_serial,
          co_window_paths_a, co_window_cross_1, co_window_corner_a,
          co_window_paths_a, co_window_corner_a, co_window_of_opportunity_c,
          co_window_2corner, co_window_cross_2, co_window_paths_d,
          co_window_4corner_b, glass_columns_a, glass_columns_c,
          glass_columns_c, glass_columns_b
D:2:      corner_web_ring, grunt_ministairs_14, xom_teletrap_fun
D:3:      minmay_door_path, first_bread, uniq_grinder, uniq_iyjb

Skill      XL: |  1  2  3 |
---------------+----------+-----
Unarmed Combat | 5 |  5.8
Fighting       | |  3.6
Dodging        | |  2.9
Stealth        | |  1.7

Action                   |  1- 3 |  4- 6 || total
-------------------------+-------+-------++-------
Melee: Unarmed           |   119 |    59 ||   178
 Stab: Sleeping          |     8 |       ||     8
  Eat: Royal jelly       |     1 |       ||     1
       Pizza             |     1 |       ||     1
       Chunk             |       |     1 ||     1
